 Dungeon Crawl Stone Soup version 0.28.0-53-g5a82cb258f (webtiles) character file.

Game seed: 16212814553649217450

23 LynnLen the Sneak (level 2, -1/15 HPs)
             Began as a Vampire Enchanter on Aug 17, 2022.
             Slain by a quokka (2 damage)
             ... on level 2 of the Dungeon.
             The game lasted 00:02:31 (1875 turns).

LynnLen the Sneak (Vampire Enchanter)               Turns: 1875, Time: 00:02:31

Health: -1/15      AC:  7    Str:  7    XL:     2   Next: 75%
Magic:  5/5        EV: 11    Int: 17    God:
Gold:   30         SH:  0    Dex: 14    Spells: 5/5 levels left

rFire   + . .      SeeInvis +   a - +1 dagger
rCold   + + +      Faith    .   (no shield)
rNeg    + + +      Spirit   .   d - +0 leather armour
rPois   ∞          Reflect  .   (no helmet)
rElec   +          Harm     .   (no cloak)
rCorr   +          Rampage  .   (no gloves)
Will    .....                   (no boots)
Stlth   +++++.....              (no amulet)
HPRegen 0.00/turn               h - +4 ring of protection
MPRegen 0.09/turn               (no ring)

@: resistant, bloodless, inhibited regen, invisible
A: bloodless, fangs 3, see invisible, vampiric 1
a: Revivify


You were on level 2 of the Dungeon.
You visited 1 branch of the dungeon, and saw 2 of its levels.

You collected 30 gold pieces.

Inventory:

Hand Weapons
 a - a +1 dagger (weapon)
Missiles
 f - 22 stones (quivered)
Armour
 b - a +0 robe
 d - a +0 leather armour (worn)
Jewellery
 h - a +4 ring of protection (left hand)
 i - an amulet of reflection
Scrolls
 g - a scroll of magic mapping {unknown}
Potions
 e - a potion of resistance


   Skills:
 + Level 2.3 Short Blades
 - Level 2.1 Dodging
 + Level 5.4 Stealth
 - Level 2.0 Spellcasting
 - Level 4.4 Hexes


You had 5 spell levels left.
You didn't know any spells.
Your spell library contained the following spells:

 Spells                   Type           Power      Damage    Failure   Level
 Confusing Touch          Hex            16%        N/A       14%         3
 Tukima's Dance           Hex            16%        N/A       14%         3
 Ensorcelled Hibernation  Hex/Ice        18%        N/A       19%         2
 Dazzling Flash           Conj/Hex       18%        N/A       34%         3


Dungeon Overview and Level Annotations

Branches:
Dungeon (2/15)

Altars:
Wu Jian


Innate Abilities, Weirdness & Mutations

You do not regenerate when monsters are visible.
You are frail without blood (-20% HP).
You can heal yourself when you bite living creatures.
You are immune to poison.
You have razor-sharp teeth.
You have supernaturally acute eyesight. (SInv)
You are afflicted with vampirism.


Message History

You kill the rat!
You hit the rat.
You kill the rat!
The rat bites you. The quokka bites you. The rat bites you but does no damage.
You hit the quokka. Your bite misses the quokka.
The quokka is severely wounded.
The quokka bites you. The rat bites you but does no damage.
You closely miss the quokka.
The quokka is severely wounded.
The quokka closely misses you. The rat closely misses you.
You hit the quokka but do no damage.
The quokka is heavily wounded.
The quokka misses you. The rat bites you.
* * * LOW HITPOINT WARNING * * *
The quokka closely misses you. The quokka closely misses you.
You barely miss the quokka.
The quokka is heavily wounded.
The quokka closely misses you.
You hit the quokka but do no damage.
The quokka is heavily wounded.
The quokka barely misses you.
You hit the quokka but do no damage.
The quokka is heavily wounded.
The quokka barely misses you.
You hit the quokka but do no damage.
The quokka is heavily wounded.
The quokka bites you.
* * * LOW HITPOINT WARNING * * *
It was a potion of resistance.
You feel protected. The quokka misses you.
You fade into invisibility!
The quokka bites you but does no damage.
The quokka closely misses you.
You closely miss the quokka. You bite the quokka, but do no damage.
The quokka is heavily wounded.
The quokka bites you.
You die...

#...#......#.###.###.^..#.
#.....#.#.............###.
..........#.###.###.## #.
#..#^#..#.###.# #.# #.
##......#..##.# #.# #. ##
#†.r...r..#...# #.# #.
##r. ##.####rr###.##
#.####. #r.rr##†# ##r##
##.###...... #.rr.†rr#
#@## ##......... #..r.r###
##.## ##.########
#.##..########.###.## ###
..>......#.## #########.##
###


You could see a quokka and 3 rats.

Vanquished Creatures
  A dart slug (D:1)
  A ball python (D:1)
  3 endoplasms
  A giant cockroach (D:1)
  A goblin (D:2)
  A hobgoblin (D:1)
  2 kobolds
  A quokka (D:2)
  2 bats (D:1)
  A frilled lizard (D:2)
  8 rats
22 creatures vanquished.

Notes
Turn   | Place    | Note
-------+----------+-------------------------------------------
     0 | D:1      | LynnLen the Vampire Enchanter began the quest for the Orb.
     0 | D:1      | Reached XP level 1. HP: 13/13 MP: 3/3
   850 | D:1      | Reached skill level 5 in Stealth
   850 | D:1      | Reached XP level 2. HP: 5/15 MP: 5/5
  1582 | D:2      | Found an ornate altar of the Wu Jian Council.
  1582 | D:2      | Found a faded altar of an unknown god.
  1875 | D:2      | Slain by a quokka

Illustrated notes

Levels and vault maps discovered:
D:1:      minmay_arrival_semitransparent, layout_basic
D:2:      layout_loops_ring, basic_altar, serial_glass, glass_columns_a,
          glass_columns_a, ebering_ecumenical_altar_webs, minmay_hedge_maze,
          chequers_serial_rivers_small_b, minmay_rat_hole

Skill      XL: |  1  2 |
---------------+-------+-----
Stealth        | 5 |  5.4
Short Blades   | 2 |  2.3
Dodging        | |  2.1
Spellcasting   | |  2.0
Hexes          | |  4.4

Action                   || total
-------------------------++-------
Melee: Dagger            ||   102
       Bite              ||     7
       Punch             ||     2
 Abil: Exsanguinate      ||     1
  Use: Potion            ||     2
 Stab: Sleeping          ||     7
Armor: Leather armour    ||    35
Dodge: Dodged            ||    66
